Map: Thunderbird LE

Players

Serral - Winner!

  • Race: Zerg Zerg
  • Spawn Location: 5:00

Stats

  • Race: Protoss Protoss
  • Spawn Location: 11:00

Event: 2019 WCS Global FInals

VOD

Have the link to the VOD?

Description

Time

  • Played on: Oct. 25, 2019, 12:48 a.m.
  • Length: 6:53

All games in this series

Show
View Real Time Build Order
Export as new Build Order

Serral Zerg - Winner!

Build Orders: Hatch First 

Get SALT Encoding   

  12  0:00  Drone  
  13  0:12  Overlord  
  13  0:17  Drone  
  14  0:31  Drone x2  
  16  0:47  Hatchery  
  15  0:51  Drone  
  15  0:54  Drone  
  17  0:57  Drone  
  18  1:08  Extractor  
  17  1:12  Spawning Pool  
  17  1:15  Drone  
  17  1:19  Drone  
  18  1:31  Drone  
  19  1:39  Drone  
  20  1:50  Overlord  
  20  1:59  Queen x2  
  20  2:01  Zergling x4  
  26  2:10  Drone  
  26  2:12  Drone, Metabolic Boost  
  28  2:24  Drone x2  
  30  2:35  Hatchery  
  29  2:37  Drone  
  29  2:43  Queen  
  32  2:48  Overlord  
  32  2:53  Drone  
  32  2:54  Drone  
  32  2:55  Drone  
  32  2:57  Drone  
  36  3:12  Overlord, Drone x4  
  40  3:15  Drone  
  40  3:19  Queen  
  43  3:23  Overlord  
  43  3:29  Lair  
  43  3:35  Drone x2  
  43  3:37  Spore Crawler  
  45  3:41  Drone x3  
  45  3:44  Zergling x2  
  45  3:46  Zergling x2  
  45  3:47  Zergling x2  
  48  3:55  Spore Crawler  
  48  3:59  Overlord, Drone  
  47  4:03  Drone x2  
  47  4:06  Overlord  
  49  4:12  Queen  
  49  4:15  Overlord  
  51  4:19  Drone x2  
  51  4:22  Queen  
  55  4:26  Drone x2  
  55  4:28  Drone  
  58  4:33  Nydus Network  
  58  4:37  Queen  
  59  4:46  Overseer  
  59  4:48  Overlord, Queen  
  59  4:50  Zergling x4  
  63  4:52  Overlord  
  63  4:54  Zergling x2  
  63  4:55  Zergling x2  
  63  4:58  Zergling x4  
  67  5:02  Queen  
  69  5:11  Nydus Canal  
  69  5:12  Zergling x10  
  67  5:15  Zergling x2  
  67  5:18  Zergling x2  
  67  5:20  Zergling x2  
  66  5:22  Zergling x2  
  64  5:30  Zergling x6  
  64  5:31  Zergling x2  
  67  5:39  Zergling x2  
  67  5:40  Zergling x8  
  72  5:43  Zergling x2  
  72  5:50  Spore Crawler, Overlord  
  71  6:03  Drone x6  
  76  6:10  Nydus Canal  
  75  6:11  Drone  
  75  6:12  Drone x2  
  75  6:14  Drone  
  79  6:19  Overlord  
  79  6:22  Overlord  
  79  6:23  Drone  
  81  6:25  Drone  
  81  6:27  Drone  
  80  6:33  Drone  
  80  6:39  Drone x3  
Show
View Real Time Build Order
Export as new Build Order

Stats Protoss 

Build Orders: 1 Gate Expand, Oracle Opening, Phoenix Opening 

Get SALT Encoding   

  12  0:00  Probe  
  13  0:12  Probe  
  14  0:18  Pylon  
  14  0:24  Probe (Chrono Boost)  
  15  0:37  Gateway, Probe (Chrono Boost)  
  16  0:45  Probe (Chrono Boost)  
  16  0:46  Assimilator  
  17  0:51  Probe  
  18  1:03  Probe  
  19  1:15  Probe  
  20  1:23  Nexus  
  20  1:33  Cybernetics Core  
  20  1:36  Probe  
  21  1:43  Assimilator  
  21  1:48  Probe  
  22  1:55  Pylon  
  22  2:01  Probe  
  23  2:10  Adept (Chrono Boost)  
  23  2:13  Probe  
  23  2:15  Stargate  
  26  2:24  Warp Gate  
  26  2:25  Probe (Chrono Boost)  
  27  2:33  Adept  
  27  2:36  Probe (Chrono Boost)  
  30  2:38  Probe (Chrono Boost)  
  31  2:46  Probe x2 (Chrono Boost)  
  31  2:51  Probe x2 (Chrono Boost)  
  35  3:00  Oracle (Chrono Boost)  
  35  3:03  Probe, Adept  
  35  3:04  Probe  
  42  3:09  Pylon  
  42  3:15  Probe  
  42  3:16  Probe  
  44  3:28  Phoenix, Probe x2  
  44  3:31  Gateway  
  48  3:35  Pylon  
  48  3:40  Probe x2  
  50  3:42  Assimilator  
  50  3:46  Assimilator  
  50  3:52  Probe x2  
  50  4:01  Oracle (Chrono Boost)  
  48  4:05  Probe x2  
  53  4:11  Pylon  
  53  4:15  Robotics Facility  
  53  4:20  Probe x2  
  53  4:22  Nexus  
  55  4:28  Pylon  
  55  4:30  Oracle (Chrono Boost)  
  55  4:32  Probe x2  
  60  4:43  Pylon  
  60  4:44  Probe x2  
  62  4:50  Twilight Council, Forge  
  62  4:56  Probe x2  
  64  5:03  Observer, Sentry x2  
  69  5:17  Probe x2  
  71  5:23  Gateway  
  71  5:26  Gateway  
  71  5:28  Gateway, Sentry x2  
  75  5:29  Shield Battery  
  75  5:31  Shield Battery  
  75  5:32  Shield Battery  
  75  5:33  Shield Battery  
  75  5:34  Immortal  
  76  5:43  Shield Battery  
  76  5:51  Zealot  
  76  5:53  Sentry  
  80  6:04  Shield Battery  
  80  6:05  Pylon  
  80  6:07  Gateway  
  80  6:09  Gateway  
  80  6:11  Assimilator  
  80  6:16  Assimilator  
  77  6:25  Pylon  
  77  6:27  Pylon  
  77  6:28  Pylon  
  77  6:30  Pylon  
  76  6:36  Stalker x2  
Tags
 
Add a new tag
Caveats
  • Supply blocks, unpowered buildings, or Contaminate may cause inaccurate times.
  • Supply counts are checked every 10 seconds.